 Dungeon Crawl Stone Soup version 0.27.0-1-g7a089689b8 (webtiles) character file.

Game seed: 13220412331569291402

837 nicksoapdish the Covert (level 7, -1/46 HPs)
             Began as an Octopode Brigand on Aug 4, 2021.
             Was a Believer of Dithmenos.
             Slain by a gnoll (9 damage)
             ... on level 5 of the Dungeon.
             The game lasted 00:15:26 (5298 turns).

nicksoapdish the Covert (Octopode Brigand)          Turns: 5298, Time: 00:15:26

Health: -1/46      AC:  1    Str: 14    XL:     7   Next: 99%
Magic:  13/19      EV: 13    Int: 20    God:    Dithmenos [**....]
Gold:   149        SH:  0    Dex: 15    Spells: 5/10 levels left

rFire    + + .     SeeInvis .   a - +2 dagger
rCold    + . .     Faith    .   (no shield)
rNeg     . . .     Spirit   .   (helmet restricted)
rPois    .         Reflect  .   t - amulet of Bafis {Acrobat rElec rF++ rC+ Str+4}
rElec    +         Harm     .   n - +6 ring of intelligence
rCorr    .         Rampage  .   v - ring of magical power
Will     .....                  (no ring)
Stlth    ++++++....             (no ring)
HPRegen  0.15/turn              (no ring)
MPRegen  0.16/turn              (no ring)
                                (no ring)
                                (no ring)

@: wreathed by umbra
A: almost no armour, amphibious, 8 rings, camouflage 1, gelatinous body 1,
(nimble swimmer 1), tentacles
a: Renounce Religion, Shadow Step


You were on level 5 of the Dungeon.
You worshipped Dithmenos.
Dithmenos was pleased with you.
You visited 1 branch of the dungeon, and saw 5 of its levels.

You collected 909 gold pieces.
You spent 760 gold pieces at shops.

Inventory:

Hand Weapons
 a - a +2 dagger (weapon)
 b - a +1 vorpal hunting sling
 p - a +0 hunting sling
Missiles
 c - 2 curare-tipped darts
 j - 17 poisoned darts (quivered)
 k - 45 sling bullets
 r - 8 atropa-tipped darts
Jewellery
 n - a +6 ring of intelligence (left tentacle)
 t - the amulet of Bafis (around mantle) {Acrobat rElec rF++ rC+ Str+4}
   (You found it on level 4 of the Dungeon)

   [amulet of the acrobat]

   It increases your evasion while moving and waiting.
   Str:       It affects your strength (+4).
   rF:        It greatly protects you from fire.
   rC:        It protects you from cold.
   rElec:     It insulates you from electricity.
 v - a ring of magical power (right tentacle)
Scrolls
 e - a scroll of enchant weapon {unknown}
 h - 3 scrolls of teleportation
 i - 2 scrolls of enchant armour
 l - a scroll of fear {unknown}
 o - a scroll of immolation {unknown}
 s - a scroll of vulnerability {unknown}
 u - a scroll of fog
Potions
 d - 3 potions of curing
 m - a potion of haste {unknown}
 q - a potion of brilliance {unknown}


   Skills:
 + Level 3.0 Fighting
 + Level 4.2 Short Blades
 - Level 2.0 Throwing
 - Level 1.3 Dodging
 + Level 9.3 Stealth
 * Level 2.4 Spellcasting
 * Level 2.6 Hexes
 * Level 1.9 Ice Magic
 * Level 1.1 Poison Magic


You had 5 spell levels left.
You knew the following spells:

 Your Spells              Type           Power      Damage    Failure   Level
a - Ensorcelled Hibernat  Hex/Ice        22%        N/A       9%          2
b - Spider Form           Tmut/Pois      2%         N/A       34%         3

Your spell library contained the following spells:

 Spells                   Type           Power      Damage    Failure   Level
 Shadow Creatures         Summ           N/A        N/A       100%        6


Dungeon Overview and Level Annotations

Branches:
Dungeon (5/15)
 Temple: D:4-7

Altars:
Dithmenos
Gozag
Kikubaaqudgha
Wu Jian
The Shining One

Shops:
D:1 =   D:2 !


Innate Abilities, Weirdness & Mutations

You cannot wear most types of armour.
You are amphibious.
You can wear up to eight rings at the same time.
Your skin changes colour to match your surroundings (Stealth+).
Your rubbery body absorbs attacks. (AC +1, EV +1)
((You are camouflaged near water. (Stealth+)))
You have tentacles for arms and can constrict up to eight enemies at once.


Message History

The gnoll misses you.
You barely miss the gnoll. Your grab misses the gnoll.
The gnoll is severely wounded.
The gnoll closely misses you.
You barely miss the gnoll. Your grab misses the gnoll.
Your squeeze misses the gnoll.
The gnoll is severely wounded.
The gnoll barely misses you.
You hit the gnoll. Your grab misses the gnoll.
The gnoll is almost dead.
The gnoll hits you from afar with a +0 halberd.
You hit the gnoll.
You kill the gnoll!
Dithmenos accepts your kill.
You hit the gnoll but do no damage. Your grab misses the gnoll.
The gnoll hits you with a +0 flail!
You hit the gnoll. Your grab misses the gnoll.
The gnoll is moderately wounded.
The gnoll closely misses you. The gnoll hits you with a +0 flail.
Casting: Ensorcelled Hibernation (safe; 9% risk of failure)
Confirm with . or Enter, or press ? or * to list all spells.
Aiming: Ensorcelled Hibernation (safe; 9% risk of failure)
Press: ? - help, Shift-Dir - straight line, f - gnoll, p - gnoll
Aim: a gnoll, wielding a +0 flail (moderately wounded, umbra, chance to affect: 50%)
The gnoll looks drowsy...
The gnoll misses you.
The helpless gnoll fails to defend itself.
You perforate the gnoll like a sieve!!!
You kill the gnoll!
Dithmenos accepts your kill.
The gnoll hits you from afar with a +0 halberd!
* * * LOW HITPOINT WARNING * * *
Casting: Ensorcelled Hibernation (safe; 9% risk of failure)
Confirm with . or Enter, or press ? or * to list all spells.
Aiming: Ensorcelled Hibernation (safe; 9% risk of failure)
Press: ? - help, Shift-Dir - straight line, f - gnoll
Aim: a gnoll, wielding a +0 halberd (heavily wounded, umbra, not susceptible)
The gnoll is unaffected.
The gnoll hits you from afar with a +0 halberd!
You die...

#....# ##..)##
#.# #....#
#.)[).####.#
####.#
#.)........# .#
###.###(####.#
..g.....# #)# #)#
# ..#####.###.#
#.# # ######..g##
#.# # ........)#
###.# #
########@###...#
# #.##.#..#
##.#.###.########
#...## ##.......#
#..#.###.######.#
#..##.#†##
#......##
#.###..#
#.###..#######


You could see a gnoll.

Vanquished Creatures
  A centaur zombie (D:5)
  A necrophage (D:5)
  A scorpion (D:5)
  A howler monkey (D:5)
  A hound (D:4)
  2 orc priests (D:4)
  An iguana (D:5)
  A hound skeleton (D:5)
  A howler monkey zombie (D:5)
  5 adders
  2 gnolls (D:5)
  2 white imps (D:5)
  2 adder skeletons (D:4)
  2 worms
  3 dart slugs
  9 orcs
  A ball python (D:1)
  5 bats
  5 endoplasms
  5 hobgoblins
  5 jackals
  8 kobolds
  2 quokkas
  5 frilled lizards
  9 goblins
  3 rats (D:1)
83 creatures vanquished.

Notes
Turn   | Place    | Note
-------+----------+-------------------------------------------
     0 | D:1      | nicksoapdish the Octopode Brigand began the quest for the
                  | Orb.
     0 | D:1      | Reached XP level 1. HP: 14/14 MP: 1/1
    48 | D:1      | Found a shadowy altar of Dithmenos.
    54 | D:1      | Became a worshipper of Dithmenos the Shadowed
   189 | D:1      | Reached XP level 2. HP: 15/19 MP: 2/2
   268 | D:1      | Reached skill level 6 in Stealth
   696 | D:1      | Found Ziahow's Jewellery Emporium.
   930 | D:2      | Found Giuceruch's Distillery.
  1106 | D:2      | Reached XP level 3. HP: 18/24 MP: 3/3
  1113 | D:2      | Learned a level 2 spell: Ensorcelled Hibernation
  2004 | D:2      | Identified a scroll of acquirement
  2005 | D:2      | Acquired 670 gold pieces
  2029 | D:2      | Reached XP level 4. HP: 29/29 MP: 5/5
  2171 | D:3      | Reached skill level 7 in Stealth
  2199 | D:3      | Reached * piety under Dithmenos
  2514 | D:3      | Found Ticseiso's Antique Armour Emporium.
  2699 | D:3      | Reached skill level 1 in Spellcasting
  3124 | D:1      | Bought a +6 ring of intelligence for 760 gold pieces
  3584 | D:4      | Reached skill level 1 in Hexes
  3584 | D:4      | Reached XP level 5. HP: 25/34 MP: 6/6
  3664 | D:4      | Reached skill level 8 in Stealth
  4211 | D:4      | Found an opulent altar of Gozag.
  4212 | D:4      | Found an ancient bone altar of Kikubaaqudgha.
  4212 | D:4      | Found a glowing golden altar of the Shining One.
  4214 | D:4      | Found an ornate altar of the Wu Jian Council.
  4221 | D:4      | Identified the amulet of Bafis {Acrobat rElec rF++ rC+
                  | Str+4}
  4406 | D:5      | Entered Level 5 of the Dungeon
  4423 | D:5      | Learned a level 3 spell: Spider Form
  4492 | D:5      | Reached XP level 6. HP: 39/39 MP: 8/8
  4639 | D:5      | HP: 2/40 [centaur warrior zombie (5)]
  4974 | D:5      | Reached skill level 9 in Stealth
  4974 | D:5      | Reached skill level 1 in Ice Magic
  4974 | D:5      | Reached XP level 7. HP: 45/45 MP: 10/10
  4981 | D:5      | Reached ** piety under Dithmenos
  5258 | D:5      | Reached skill level 1 in Poison Magic
  5298 | D:5      | Slain by a gnoll

Illustrated notes

Levels and vault maps discovered:
D:1:      doesnt_arrival_eight_statues, layout_rooms, serial_shops, shop,
          kennysheep_flooded_box, kennysheep_nondescript,
          amcnicky_mini_rare_corridor_liquid
D:2:      layout_loops_corners, serial_shops, shop
D:3:      layout_loops_cross, serial_shops, shop, solitary_fountain
D:4:      layout_loops_cross, chequers_temple_overflow_statue_of_worship
D:5:      layout_loops_ring

Skill      XL: |  1  2  3  4  5  6  7 |
---------------+----------------------+-----
Stealth        | 6 7 8 9 |  9.3
Spellcasting   | 1 2 |  2.4
Hexes          | 1 2 |  2.6
Short Blades   | 4 |  4.2
Ice Magic      | 1 |  1.9
Fighting       | 3 |  3.0
Poison Magic   | 1 |  1.1
Throwing       | |  2.0
Dodging        | |  1.3

Action                   |  1- 3 |  4- 6 |  7- 9 || total
-------------------------+-------+-------+-------++-------
Melee: Dagger            |    57 |    91 |    30 ||   178
       Constrict         |    11 |    13 |     3 ||    27
       Tentacles         |     8 |    17 |     4 ||    29
 Fire: Hunting sling     |       |     7 |     1 ||     8
Throw: Dart              |       |     4 |       ||     4
 Cast: Ensorcelled Hiber |       |     1 |     5 ||     6
  Use: Scroll            |     7 |     1 |       ||     8
       Potion            |       |     2 |       ||     2
 Stab: Sleeping          |     9 |    21 |     7 ||    37
Armor: Skin              |     2 |     3 |       ||     5
Dodge: Dodged            |    19 |    54 |    19 ||    92
